 Dungeon Crawl Stone Soup version 0.26-a0-818-g75db068ed4 (webtiles) character file.

Game seed: 6269371703751673158

114 runemasterragnar the Insei (level 4, -2/35 HPs)
             Began as a Demigod Transmuter on Nov 14, 2020.
             Splashed by a jelly's acid (7 damage)
             ... on level 1 of the Dungeon.
             The game lasted 00:02:01 (1609 turns).

runemasterragnar the Insei (Demigod Transmuter)     Turns: 1609, Time: 00:02:01

Health: -2/35      AC:  1    Str: 13    XL:     4   Next: 41%
Magic:  9/10       EV: 11    Int: 19    God:
Gold:   38         SH:  0    Dex: 16    Spells: 1/7 levels left

rFire    . . .     SeeInvis .     - Unarmed
rCold    . . .     Faith    .   (no shield)
rNeg     . . .     Spirit   .   e - +0 ring mail
rPois    .         Reflect  .   (helmet currently unavailable)
rElec    .         Harm     .   (no cloak)
rCorr    .         Rampage  .   (no gloves)
MR       .....                  (boots currently unavailable)
Stlth    +.........             (no amulet)
HPRegen  0.11/turn              (no ring)
MPRegen  0.12/turn              (no ring)

@: appendages, corroded
A: horns 2, talons 2, high mp 1
a: End Transformation


You were on level 1 of the Dungeon.
You had grown temporary horns.
You had grown temporary talons.
You visited 1 branch of the dungeon, and saw 2 of its levels.

You collected 38 gold pieces.

Inventory:

Armour
 d - a +0 helmet (melded)
 e - a +0 ring mail (worn)
 h - a +0 pair of boots (melded)
Scrolls
 a - 3 scrolls of random uselessness {unknown}
 b - 2 scrolls of enchant armour {unknown}
 f - a scroll of immolation {unknown}
 g - a scroll of amnesia {unknown}
Potions
 c - a potion of haste {unknown}


   Skills:
 + Level 1.5 Fighting
 + Level 0.7 Armour
 + Level 2.3 Dodging
 * Level 3.4 Unarmed Combat
 + Level 2.2 Spellcasting
 * Level 2.7 Transmutations


You had one spell level left.
You knew the following spells:

 Your Spells              Type           Power        Failure   Level
a - Beastly Appendage     Tmut           ##....       12%         1
b - Wereblood             Tmut           ##......     17%         2
c - Spider Form           Tmut/Pois      #.........   52%         3

Your spell library contained the following spells:

 Spells                   Type           Power        Failure   Level
 Ice Form                 Ice/Tmut       #.......     90%         4
 Blade Hands              Tmut           ##........   97%         5


Dungeon Overview and Level Annotations

Branches:
Dungeon (2/15)


Innate Abilities, Weirdness & Mutations

You have an increased reservoir of magic. (+10% MP)
You have a pair of horns on your head.
You have razor-sharp toenails.


Message History

You hit the jelly. The acid corrodes you!
Your hands burn!
* * * LOW HITPOINT WARNING * * *
You claw the jelly.
The jelly is severely wounded.
The jelly barely misses you.
Your transformation is almost over.
You are no longer corroded.
The jelly jiggles.
Casting: Beastly Appendage (safe; 12% risk of failure)
Confirm with . or Enter, or press ? or * to list all spells.
You extend your transformation's duration.
The jelly barely misses you.
You hit the jelly. The acid corrodes you!
Your hands burn!
* * * LOW HITPOINT WARNING * * *
You claw the jelly, but do no damage.
The jelly is almost dead.
The jelly hits you.
* * * LOW HITPOINT WARNING * * *
You are splashed with acid!
You die...

.#
#.............#
.#
#.###########.#
.# #.# #.# .##
#.# #.# ..###
#.# #.# ....#
#.# #.# #.#.#
#.# #.# #.#.#
#.# ######.###
..#.####.####
#.@JB....#
............#
#.####.#.#
..###.......#
#.# #.#.### ..#
#†......###.#
##.....# ..#
#...........#
#....#.# ..#
#.......#####
#.####.# ..#
#.......# #.#
#.# ..#
#.......# #.#
#.# ..#
#########
####.## #.#


You could see a jelly and a giant cockroach.

Vanquished Creatures
  A jelly (D:1)
  Terence (D:2)
  5 oozes
  A worm (D:1)
  2 leopard geckos
  2 bats (D:1)
  3 giant cockroaches (D:1)
  4 hobgoblins
  3 jackals (D:1)
  2 frilled lizards
  3 goblins (D:1)
  6 rats (D:1)
33 creatures vanquished.

Notes
Turn   | Place    | Note
-------+----------+-------------------------------------------
     0 | D:1      | runemasterragnar the Demigod Transmuter began the quest for
                  | the Orb.
     0 | D:1      | Reached XP level 1. HP: 15/15 MP: 5/5
     1 | D:1      | Found a runed translucent door.
   312 | D:1      | Reached skill level 1 in Fighting
   413 | D:1      | Reached XP level 2. HP: 13/23 MP: 7/7
   844 | D:1      | Reached skill level 3 in Unarmed Combat
   928 | D:1      | Reached XP level 3. HP: 18/28 MP: 6/8
  1333 | D:2      | Learned a level 2 spell: Wereblood
  1337 | D:2      | Learned a level 3 spell: Spider Form
  1364 | D:2      | Noticed Terence
  1375 | D:2      | Killed Terence
  1376 | D:2      | Reached XP level 4. HP: 35/35 MP: 7/9
  1609 | D:1      | Splashed by a jelly's acid

Illustrated notes

Levels and vault maps discovered:
D:1:      dpeg_arrival_caged_fury, layout_loops_ring
D:2:      layout_basic, uniq_natasha, uniq_terence

Skill      XL: |  1  2 |
---------------+-------+-----
Fighting       | 1 |  1.5
Transmutations | 2 |  2.7
Unarmed Combat | 3 |  3.4
Dodging        | 2 |  2.3
Spellcasting   | 2 |  2.2
Armour         | |  0.7

Action                   |  1- 3 |  4- 6 || total
-------------------------+-------+-------++-------
Melee: Unarmed           |    64 |    53 ||   117
       Punch             |     1 |     2 ||     3
       Kick              |    11 |    10 ||    21
       Headbutt          |     7 |     5 ||    12
 Cast: Beastly Appendage |     3 |     4 ||     7
       Wereblood         |       |     1 ||     1
 Stab: Sleeping          |     2 |       ||     2
Armor: Robe              |     9 |       ||     9
       Ring mail         |     5 |    15 ||    20
Dodge: Dodged            |    35 |    28 ||    63

Table legend: (Time is in decaauts)
 A = Elapsed time spent in this place.
 B = Non-inter-level travel time spent in this place.
 C = Inter-level travel time spent in this place.
 D = Time resting spent in this place.
 E = Time spent auto-exploring this place.
 F = Levels seen in this place.
 G = Mean time per level.
                   A        B        C        D        E       F      G
               +--------+--------+--------+--------+--------+-----+--------+
         Total |   1602 |   1567 |     35 |    340 |    911 |   2 |  801.0 |
       Dungeon |   1602 |   1567 |     35 |    340 |    911 |   2 |  801.0 |
               +--------+--------+--------+--------+--------+-----+--------+

Top non-repeatable levels by time:
     D:1: 1046 daAuts
     D:2: 556 daAuts
